 Dungeon Crawl Stone Soup version 0.31-a0-193-gdfe2569204 (webtiles) character file.

Game seed: 16501416195066737714

217 qw the Skirmisher (level 5, -6/30 HPs)
             Began as a Deep Elf Hunter on June 23, 2023.
             Mangled by a gnoll sergeant
             ... wielding a +0 spear
              (12 damage)
             ... on level 3 of the Dungeon.
             The game lasted 00:00:47 (1776 turns).

qw the Skirmisher (Deep Elf Hunter)                 Turns: 1776, Time: 00:00:48

Health: -6/30      AC:  0    Str: 10    XL:     5   Next: 62%
Magic:  7/7        EV: 20    Int: 14    God:
Gold:   133        SH:  0    Dex: 23    Spells: 4/4 levels left

rFire   . . .        Y - melded +1 shortbow
rCold   . . .        (shield currently unavailable)
rNeg    . . .        g - melded +0 ring mail
rPois   .            (helmet currently unavailable)
rElec   .            (cloak currently unavailable)
rCorr   .            (gloves currently unavailable)
SInv    .            (boots currently unavailable)
Will    .....        (no amulet)
Stlth   ++           f - melded ring of resist corrosion
HPRegen 0.25/turn    a - melded +5 ring of evasion
MPRegen 0.10/turn

%: no passive effects
@: bat-form, flying, very quick
A: fast, flying, no casting, tiny
a: no special abilities


You were on level 3 of the Dungeon.
You were a bat.
You visited 1 branch of the dungeon, and saw 3 of its levels.

You collected 133 gold pieces.


   Skills:
 - Level 1.9 Fighting
 - Level 9.0 Ranged Weapons
 + Level 2.4 Dodging
 - Level 1.2 Stealth


You had 4 spell levels left.
You didn't know any spells.
Your spell library was empty.

Inventory:

Hand Weapons
 Y - a +1 shortbow (melded)
Armour
 g - a +0 ring mail (melded)
Jewellery
 a - a +5 ring of evasion (melded)
 f - a ring of resist corrosion (melded)
Scrolls
 e - a scroll of identify
 j - a scroll of revelation {unknown}
Potions
 b - a potion of curing {unknown}
 c - a potion of mutation {unknown}
 d - a potion of degeneration {unknown}
 h - a potion of heal wounds {unknown}
 i - a potion of lignification {unknown}

Dungeon Overview and Level Annotations

Branches:
Dungeon (3/15)

Altars:

Annotations:
D:3 Ijyb


Message History

You shoot an arrow. The arrow closely misses the gnoll.
You hear a shout!
You shoot an arrow. The arrow hits the gnoll.
You kill the gnoll!
You hear a shout!
Ijyb the Twisted Goblin comes into view.
She is wielding a +0 dagger and carrying a wand of polymorph (13).
You shoot an arrow. The arrow completely misses the gnoll.
The gnoll misses you. The gnoll completely misses you.
A gnoll sergeant comes into view. It is wielding a +0 spear.
You shoot an arrow. The arrow hits the gnoll!
The gnoll is severely wounded.
The gnoll closely misses you.
You shoot an arrow. The arrow hits the gnoll.
You kill the gnoll!
The gnoll sergeant hits you from afar with a +0 spear!
You shoot an arrow.
The arrow hits the gnoll sergeant but does no damage.
The gnoll sergeant hits you from afar with a +0 spear.
You shoot an arrow. The arrow barely misses Ijyb.
The gnoll sergeant closely misses you.
Ijyb zaps a wand.
You turn into a bat.
Your +1 shortbow melds into your body.
Your +0 ring mail melds into your body.
Your ring of resist corrosion melds into your body.
Your +5 ring of evasion melds into your body.
The gnoll sergeant closely misses you.
You barely miss Ijyb.
The gnoll sergeant hits you from afar with a +0 spear!
Ijyb closely misses you.
You barely miss Ijyb. The gnoll sergeant misses you. Ijyb misses you.
You hit Ijyb but do no damage.
The gnoll sergeant hits you from afar with a +0 spear.
Ijyb misses you.
You hit Ijyb but do no damage. The gnoll sergeant closely misses you.
Ijyb hits you with a +0 dagger.
You barely miss Ijyb.
The gnoll sergeant completely misses you.
Ijyb barely misses you.
You hit Ijyb but do no damage.
The gnoll sergeant hits you from afar with a +0 spear!
You die...

# ##. #>.. . ..
#..# #.#. ...# #
#.#.##..#.#
#.#.......#.###.
#...............
#....g.)g.#.#
....##)##g.#.# #
#. #b.#.# .g
#..#.# g..
#..#.#########
.## ....
#.............
... .....
##...######### ##
....#. #...)## ##
###..)##########.
#..............
####.########..


You could see a gnoll sergeant and Ijyb.

Vanquished Creatures
  Jessica (D:2)
  Natasha (thrice) (D:2)
  5 gnolls (D:3)
  2 adders
  A worm (D:2)
  2 dart slugs
  4 endoplasms
  2 giant cockroaches
  2 goblins
  2 hobgoblins
  4 jackals (D:3)
  A quokka (D:1)
  2 ball pythons
  3 bats
  8 frilled lizards
  3 kobolds
  7 rats
52 creatures vanquished.

Notes
Turn   | Place    | Note
-------+----------+-------------------------------------------
     0 | D:1      | qw the Deep Elf Hunter began the quest for the Orb.
     0 | D:1      | Reached XP level 1. HP: 12/12 MP: 3/3
     0 | D:1      | 0 ||| qw: Version: 0.3-a-9-g12657ce
     0 | D:1      | 0 ||| qw: Game counter: 4599
     0 | D:1      | 0 ||| qw: Always use a shield: true
     0 | D:1      | 0 ||| qw: God list: Okawaru
     0 | D:1      | 0 ||| qw: Allow faded altars: false
     0 | D:1      | 0 ||| qw: Do Orc after D:15 true
     0 | D:1      | 0 ||| qw: Do second Lair branch before Depths: true
     0 | D:1      | 0 ||| qw: Lair rune preference: random
     0 | D:1      | 0 ||| qw: Plans: Normal
     0 | D:1      | 0 ||| PLANNING D:1-11
    38 | D:1      | HP: 1/12 [dart slug/slug dart (5)]
   145 | D:1      | Reached XP level 2. HP: 16/16 MP: 4/4
   171 | D:1      | Reached skill level 6 in Ranged Weapons
   523 | D:1      | 523 ||| UPGRADING to ring of resist corrosion.
   524 | D:1      | 524 ||| READING scroll labelled QOOH XYOTALOI.
   524 | D:1      | Identified a scroll of acquirement
   524 | D:1      | 524 ||| ACQUIRING +5 ring of evasion
   524 | D:1      | Acquired a +5 ring of evasion
   526 | D:1      | 526 ||| UPGRADING to +5 ring of evasion.
   527 | D:1      | 527 ||| READING scroll labelled OROHELIHUMM.
   528 | D:1      | 528 ||| READING 2 scrolls labelled TISE VAOFUDA.
   529 | D:1      | 529 ||| READING scroll labelled HAL ZAECKYEM.
   530 | D:1      | 530 ||| DROPPING scroll of butterflies.
   531 | D:1      | 531 ||| DROPPING scroll of blinking.
   598 | D:2      | Noticed Jessica
   600 | D:2      | Killed Jessica
   601 | D:2      | Reached XP level 3. HP: 17/20 MP: 5/5
   638 | D:2      | Reached skill level 7 in Ranged Weapons
   726 | D:2      | Found a faded altar of an unknown god.
   858 | D:2      | Noticed Natasha
   864 | D:2      | 864 ||| Stepping ~*~*~tactically~*~*~ (outnumbered).
   871 | D:2      | Killed Natasha
   872 | D:2      | Reached XP level 4. HP: 14/25 MP: 6/6
  1012 | D:2      | Noticed Natasha
  1017 | D:2      | Killed Natasha
  1018 | D:2      | Reached skill level 8 in Ranged Weapons
  1030 | D:2      | Noticed Natasha
  1033 | D:2      | 1033 ||| Stepping ~*~*~tactically~*~*~ (outnumbered).
  1048 | D:2      | Killed Natasha
  1049 | D:2      | Reached XP level 5. HP: 20/29 MP: 7/7
  1242 | D:2      | 1242 ||| UPGRADING to +0 ring mail.
  1252 | D:2      | 1252 ||| DROPPING +0 leather armour.
  1253 | D:2      | 1253 ||| READING scroll labelled SIEDAB BACHOA.
  1262 | D:3      | Identified the +1 chain mail "Eluan" {rElec Str-4 Dex+4
                  | SInv}
  1625 | D:3      | 1625 ||| Stepping ~*~*~tactically~*~*~ (outnumbered).
  1629 | D:3      | 1629 ||| FLEEEEING.
  1630 | D:3      | 1630 ||| FLEEEEING.
  1631 | D:3      | 1631 ||| FLEEEEING.
  1632 | D:3      | 1632 ||| FLEEEEING.
  1633 | D:3      | 1633 ||| FLEEEEING.
  1633 | D:3      | HP: 7/29 [poisoned by a gnoll]
  1634 | D:3      | 1634 ||| FLEEEEING.
  1635 | D:3      | 1635 ||| FLEEEEING.
  1636 | D:3      | 1636 ||| FLEEEEING.
  1637 | D:3      | 1637 ||| FLEEEEING.
  1638 | D:3      | 1638 ||| FLEEEEING.
  1642 | D:3      | HP: 2/29 [gnoll/+0 spear[a gnoll sergeant] (3)]
  1646 | D:3      | Reached skill level 9 in Ranged Weapons
  1761 | D:3      | 1761 ||| Stepping ~*~*~tactically~*~*~ (outnumbered).
  1764 | D:3      | Noticed Ijyb
  1774 | D:3      | HP: 5/30 [Ijyb/+0 dagger (4)]
  1776 | D:3      | Mangled by a gnoll sergeant

Levels and vault maps discovered:
D:1:      roderic_chinese_lattice_arrival, layout_rooms, st_stairs_1,
          minmay_misc_feat_five
D:2:      layout_basic, ebering_ecumenical_altar_hall, uniq_natasha,
          uniq_jessica
D:3:      layout_basic, gammafunk_ghost_cemetery, serial_shops,
          nicolae_shop_back_alley_shop, minmay_puff, uniq_ijyb

Skill      XL: |  1  2  3  4  5 |
---------------+----------------+-----
Ranged Weapons | 6 7 8 9 |  9.0
Fighting       | |  1.9
Dodging        | |  2.4
Stealth        | |  1.2

Action                     |  1- 3 |  4- 6 || total
---------------------------+-------+-------++-------
  Melee: Unarmed           |       |     6 ||     6
   Fire: Shortbow          |    98 |    71 ||   169
    Use: Scroll            |     4 |     1 ||     5
 Armour: Leather armour    |     3 |     3 ||     6
         Ring mail         |       |     7 ||     7
  Dodge: Dodged            |    14 |    46 ||    60

Table legend:
 A = Non-vault XP
 B = Vault XP
 C = Vault XP percentage of total XP
 D = Non-vault monster count
 E = Vault monster count
 F = Vault count percentage of total count
                 A         B        C        D         E       F
            +---------+---------+-------+---------+---------+-------
      Total |     237 |      74 |  23.8 |      48 |       4 |   7.7
            +---------+---------+-------+---------+---------+-------
        D:1 |      23 |       2 |   8.0 |      16 |       2 |  11.1
        D:2 |     112 |      72 |  39.1 |      18 |       2 |  10.0
        D:3 |     102 |       0 |   0.0 |      14 |       0 |   0.0
            +---------+---------+-------+---------+---------+-------
